 Dungeon Crawl Stone Soup version 0.27-a0-1591-gc56fcc985a (webtiles) character file.

Game seed: 11390474016844081995

75 bande the Covered (level 4, 25/25 HPs)
             Began as a Gargoyle Fighter on July 20, 2021.
             Quit the game on level 3 of the Dungeon.
             The game lasted 00:04:51 (3290 turns).

bande the Covered (Gargoyle Fighter)                Turns: 3290, Time: 00:04:52

Health: 25/25      AC: 13    Str: 19    XL:     4   Next: 31%
Magic:  4/4        EV:  7    Int:  9    God:
Gold:   97         SH:  9    Dex: 10    Spells: 3/3 levels left

rFire    . . .     SeeInvis .   a - +1 war axe
rCold    . . .     Faith    .   c - +0 kite shield
rNeg     + + .     Spirit   .   m - +2 scale mail {rN+}
rPois    ∞         Reflect  .   (no helmet)
rElec    +         Harm     .   (no cloak)
rCorr    .         Rampage  .   j - +0 pair of gloves
Will     .....                  (no boots)
Stlth    ..........             (no amulet)
HPRegen  0.08/turn              (no ring)
MPRegen  0.09/turn              (no ring)

@: no status effects
A: sickness immunity, AC +3, negative energy resistance 1, electricity
resistance, torment resistance 1, petrification resistance, frail 1, high mp 1,
inability to read while threatened
a: no special abilities


You were on level 3 of the Dungeon.
You visited 1 branch of the dungeon, and saw 3 of its levels.

You collected 97 gold pieces.

Inventory:

Hand Weapons
 a - a +1 war axe (weapon)
 l - a +0 flail
Armour
 c - a +0 kite shield (worn)
 j - a +0 pair of gloves (worn)
 m - a +2 scale mail of positive energy (worn)
Scrolls
 h - 2 scrolls of blinking
Potions
 d - a potion of might
 k - a potion of heal wounds {unknown}


   Skills:
 + Level 3.5 Fighting
 + Level 3.2 Axes
 + Level 3.6 Armour
 + Level 0.3 Dodging
 + Level 3.6 Shields


You had 3 spell levels left.
You didn't know any spells.
Your spell library was empty.

Dungeon Overview and Level Annotations

Branches:
Dungeon (3/15)

Altars:
Beogh


Innate Abilities, Weirdness & Mutations

You are immune to sickness and miasma.
Your stone body is resilient. (AC +3)
You are immune to poison.
You resist negative energy. (rN+)
You are resistant to electric shocks. (rElec)
You are resistant to unholy torment.
You are immune to petrification.
You are frail. (-10% HP)
You have an increased reservoir of magic. (+10% MP)
You sometimes lose the ability to read scrolls when taking damage.


Message History

No target in view!
No target in view!
No target in view!
No target in view!
No target in view!
No target in view!
Things that are here:
a +0 club; a +2 scale mail of positive energy; an orc corpse
There is an open gate, spattered with blood here.
Things that are here:
a +0 flail; a +0 leather armour
l - a +0 flail
Things that are here:
a +0 club; a +2 scale mail of positive energy; an orc corpse
m - a +2 scale mail of positive energy You start removing your armour.
You continue taking off your +0 scale mail. x4
You finish taking off your +0 scale mail.
You start putting on your armour.
You continue putting on your +2 scale mail of positive energy. x5
You finish putting on your +2 scale mail of positive energy.
You feel more protected from negative energy.
Drop what? 13/52 slots (_ for help) (? for menu, Esc to quit)
You drop a +0 scale mail.
There is an open gate, spattered with blood here.
You see here a +0 leather armour.
As you read the scroll labelled EQAPYRHUNUCK, it crumbles to dust.
It is a scroll of amnesia.
You feel forgetful for a moment.
As you read the scroll labelled XEOXON IVEIDGH, it crumbles to dust.
It is a scroll of enchant weapon.
Your +0 war axe glows red for a moment.
As you read the scroll of identify, it crumbles to dust.
g - a potion of mutation Really quaff the potion of mutation?
You feel extremely strange.
You feel more energetic.
You feel frail.
You lose the ability to read scrolls when threatened.
Okay, then.
Are you sure you want to abandon this character and quit the game? (Confirm with "yes".)

#........#.......###
#..#...#.#..###....#
#......#.#...#..<#+#
#......#.....###..<.....
#####..###.....#######..
#..###..##.#...
#.......##.#.#
#.#####.##.).# #..#
#.##[[@# ##.## #.##.'.#
#..# #.####.# ##.# #.#
#... #†## .# ##### #..#
.# ##.##.......
#..#........
##.#........


There were no monsters in sight!

Vanquished Creatures
  2 adders
  2 dart slugs (D:1)
  3 orcs (D:3)
  5 ball pythons
  6 endoplasms
  3 giant cockroaches
  2 goblins
  4 hobgoblins (D:1)
  3 jackals (D:2)
  4 quokkas
  3 bats
  5 frilled lizards
  2 kobolds (D:1)
  3 rats
47 creatures vanquished.

Notes
Turn   | Place    | Note
-------+----------+-------------------------------------------
     0 | D:1      | bande the Gargoyle Fighter began the quest for the Orb.
     0 | D:1      | Reached XP level 1. HP: 14/14 MP: 1/1
   248 | D:1      | Reached XP level 2. HP: 19/19 MP: 2/2
   827 | D:1      | Found a faded altar of an unknown god.
  1072 | D:1      | Reached XP level 3. HP: 20/23 MP: 3/3
  2923 | D:3      | Reached XP level 4. HP: 26/28 MP: 4/4
  3289 | D:3      | Gained mutation: You have an increased reservoir of magic.
                  | (+10% MP) [potion of mutation]
  3289 | D:3      | Gained mutation: You are frail. (-10% HP) [potion of
                  | mutation]
  3289 | D:3      | Gained mutation: You sometimes lose the ability to read
                  | scrolls when taking damage. [potion of mutation]
  3290 | D:3      | Quit the game

Illustrated notes

Levels and vault maps discovered:
D:1:      dpeg_arrival_court, layout_basic,
          hellmonk_ecumenical_altar_defaced_shrine, st_stairs_12,
          item_on_display_a
D:2:      layout_loops_ring, serial_co_window_serial, co_window_paths_a,
          co_window_paths_a, co_window_of_opportunity_a,
          co_window_of_opportunity_a, co_window_paths_a, co_window_2corner,
          co_window_corner_b, co_window_broadway_c, co_window_4corner_a,
          co_window_4corner_b, glass_columns_b
D:3:      layout_basic, mainiacjoe_overflow_alcove_4, uniq_natasha

Skill      XL: |  1  2  3 |
---------------+----------+-----
Axes           | 2 3 |  3.2
Fighting       | |  3.5
Armour         | |  3.6
Dodging        | |  0.3
Shields        | |  3.6

Action                   |  1- 3 |  4- 6 || total
-------------------------+-------+-------++-------
Melee: War axe           |   167 |    16 ||   183
  Use: Scroll            |     2 |     3 ||     5
       Potion            |     1 |     1 ||     2
Armor: Scale mail        |    98 |     5 ||   103
Dodge: Dodged            |    66 |     2 ||    68
Block: Kite shield       |   107 |    11 ||   118

Table legend: (Time is in decaauts)
 A = Elapsed time spent in this place.
 B = Non-inter-level travel time spent in this place.
 C = Inter-level travel time spent in this place.
 D = Time resting spent in this place.
 E = Time spent auto-exploring this place.
 F = Levels seen in this place.
 G = Mean time per level.
                   A        B        C        D        E       F      G
               +--------+--------+--------+--------+--------+-----+--------+
         Total |   3401 |   3264 |    137 |     93 |   2559 |   3 | 1133.7 |
       Dungeon |   3401 |   3264 |    137 |     93 |   2559 |   3 | 1133.7 |
               +--------+--------+--------+--------+--------+-----+--------+

Top non-repeatable levels by time:
     D:2: 1567 daAuts
     D:1: 1401 daAuts
     D:3: 433 daAuts
